 Dungeon Crawl Stone Soup version 0.29.1-15-g9cfb28693d (webtiles) character file.

Game seed: 10901899380483351496

643 EarthwalkerPL the Trooper (level 7, 0/63 HPs)
             Began as a Minotaur Fighter on Feb 28, 2023.
             Slain by an orc priest
             ... wielding a +2 falchion of holy wrath
              (6 damage)
             ... on level 5 of the Dungeon.
             The game lasted 00:06:07 (4428 turns).

EarthwalkerPL the Trooper (Minotaur Fighter)        Turns: 4428, Time: 00:06:08

Health: 0/63       AC: 16    Str: 22    XL:     7   Next: 26%
Magic:  6/6        EV:  6    Int:  5    God:
Gold:   201        SH:  5    Dex: 10    Spells: 6/6 levels left

rFire   + . .      SeeInvis +   a - +0 war axe
rCold   . . .      Faith    .   c - +0 buckler
rNeg    . . .      Spirit   .   i - +0 plate armour
rPois   .          Reflect  .   (helmet restricted)
rElec   .          Harm     .   x - +0 cloak
rCorr   .          Rampage  .   o - +1 pair of gloves of Skepticism {rF+ SInv}
Will    .....                   (no boots)
Stlth   ..........              q - amulet of the acrobat
HPRegen 0.20/turn               k - ring of see invisible
MPRegen 0.10/turn               p - ring of flight

@: flying
A: horns 2, retaliatory headbutt
a: no special abilities


You were on level 5 of the Dungeon.
You visited 1 branch of the dungeon, and saw 6 of its levels.

You collected 201 gold pieces.

Inventory:

Hand Weapons
 a - a +0 war axe (weapon)
Missiles
 r - a throwing net
 y - 2 boomerangs (quivered)
 z - 7 curare-tipped darts
 B - 3 poisoned darts
Armour
 c - a +0 buckler (worn)
 i - a +0 plate armour (worn)
 o - the +1 pair of gloves of Skepticism (worn) {rF+ SInv}
   (You found it on level 2 of the Dungeon)

   rF:        It protects you from fire.
   SInv:      It lets you see invisible.
 x - a +0 cloak (worn)
Jewellery
 b - a ring of positive energy
 k - a ring of see invisible (left hand)
 p - a ring of flight (right hand)
 q - an amulet of the acrobat (around neck)
Wands
 t - a wand of flame (10)
Scrolls
 e - a scroll of poison {unknown}
 f - 8 scrolls of identify {unknown}
 h - 2 scrolls of enchant weapon {unknown}
 j - 3 scrolls of fear {unknown}
 l - a scroll of amnesia {unknown}
 v - a scroll of noise {unknown}
 A - a scroll of vulnerability {unknown}
Potions
 d - a potion of might
 g - 6 potions of curing {unknown}
 m - 2 potions of berserk rage {unknown}
 n - 2 potions of heal wounds {unknown}
 s - a potion of attraction {unknown}
 u - a potion of cancellation {unknown}
 w - a potion of invisibility {unknown}


   Skills:
 * Level 6.2 Fighting
 * Level 5.5 Axes
 * Level 6.2 Armour
 + Level 5.0 Shields


You had 6 spell levels left.
You didn't know any spells.
Your spell library contained the following spells:

 Spells                   Type           Power      Damage    Failure   Level
 Apportation              Tloc           0%         N/A       100%        1
 Magic Dart               Conj           0%         1d3       100%        1
 Blink                    Tloc           0%         N/A       100%        2
 Searing Ray              Conj           0%         2d4       100%        2
 Portal Projectile        Hex/Tloc       0%         N/A       100%        3
 Tukima's Dance           Hex            0%         N/A       100%        3
 Fulminant Prism          Conj/Hex       0%         3d6       100%        4
 Blade Hands              Tmut           0%         N/A       100%        5
 Manifold Assault         Tloc           0%         N/A       100%        5
 Storm Form               Tmut/Air       0%         N/A       100%        7


Dungeon Overview and Level Annotations

Branches:
Dungeon (6/15)
 Temple: D:4-7

Altars:

Shops:
D:4 =


Innate Abilities, Weirdness & Mutations

You have a pair of horns on your head.
You reflexively headbutt those who attack you in melee.


Message History

You headbutt Menkaure, but do no damage.
Menkaure is heavily damaged.
You hit Menkaure.
Menkaure is heavily damaged.
Menkaure closely misses you. Menkaure hits you.
You hit Menkaure.
Menkaure is severely damaged.
Menkaure hits you!
You are too injured to fight recklessly!
You are too injured to fight recklessly!
You are too injured to fight recklessly!
You hit Menkaure but do no damage. You headbutt Menkaure.
Menkaure is severely damaged.
Menkaure hits you.
* * * LOW HITPOINT WARNING * * *
You hit Menkaure.
Menkaure is almost destroyed.
Menkaure barely misses you.
You hit Menkaure but do no damage.
Menkaure is almost destroyed.
You barely miss Menkaure.
Menkaure is almost destroyed.
You block Menkaure's attack. Menkaure hits you but does no damage.
You barely miss Menkaure.
Menkaure is almost destroyed.
Menkaure hits you!
* * * LOW HITPOINT WARNING * * *
You closely miss Menkaure. You headbutt Menkaure.
You destroy Menkaure!
Your Fighting skill increases to level 6!
Your Shields skill increases to level 5!
You hit the orc priest.
The orc priest is lightly wounded.
The orc priest calls down the wrath of Beogh upon you.
Pain shoots through your body!
* * * LOW HITPOINT WARNING * * *
You closely miss the orc priest.
The orc priest is lightly wounded.
The orc priest hits you with a +2 falchion of holy wrath.
You die...

#.# #####oo...... #†#
#.o...o..o.M. ###########
#.####.##o#..#....
..........###.......oo#.##
.
.########.#......#.####.#
.# #.#.####.#.# .# .#
#.#.####.#.. .# .#
#.....##o#### .# .#
###.#(##@# .. ## #.#.##.#
#......# #####.####
##.....### ........
#.....## #......# #...)..#


You could see an orc priest.

Vanquished Creatures
  Menkaure (D:5)
  An ogre (D:5)
  A necrophage (D:6)
  A hound (D:4)
  An orc priest (D:6)
  Crazy Yiuf (D:3)
  Jessica (D:3)
  An iguana (D:5)
  Natasha (D:2)
  4 gnolls (D:4)
  6 adders
  A white imp (D:5)
  An ufetubus (D:6)
  2 worms
  5 dart slugs
  3 orcs
  18 endoplasms
  5 giant cockroaches
  7 goblins
  10 hobgoblins
  7 kobolds
  4 quokkas
  8 ball pythons
  8 bats
  3 frilled lizards
  4 rats
105 creatures vanquished.

Vanquished Creatures (others)
  2 plants (D:6)
2 creatures vanquished.

Grand Total: 107 creatures vanquished

Notes
Turn   | Place    | Note
-------+----------+-------------------------------------------
     0 | D:1      | EarthwalkerPL the Minotaur Fighter began the quest for the
                  | Orb.
     0 | D:1      | Reached XP level 1. HP: 19/19 MP: 0/0
   109 | D:1      | Reached XP level 2. HP: 27/27 MP: 1/1
   474 | D:1      | Reached XP level 3. HP: 33/33 MP: 2/2
  1329 | D:2      | Found a faded altar of an unknown god.
  1422 | D:2      | Identified the +1 pair of gloves of Skepticism {rF+ SInv}
  1563 | D:3      | Noticed Natasha
  1571 | D:2      | Killed Natasha
  1572 | D:2      | Reached XP level 4. HP: 32/41 MP: 3/3
  2056 | D:3      | Noticed Jessica
  2061 | D:3      | Killed Jessica
  2062 | D:3      | Reached XP level 5. HP: 47/47 MP: 4/4
  2067 | D:3      | Got Jessica's Omnibus of the Traveller
  2169 | D:3      | Found a runed translucent door.
  2170 | D:3      | Noticed Crazy Yiuf
  2536 | D:3      | Paralysed by Crazy Yiuf for 5 turns
  2541 | D:3      | Killed Crazy Yiuf
  2542 | D:3      | Reached skill level 5 in Fighting
  2542 | D:3      | Reached skill level 5 in Armour
  3072 | D:4      | Found Puyguut's Jewellery Shoppe.
  3192 | D:4      | Reached XP level 6. HP: 46/56 MP: 5/5
  3540 | D:5      | Entered Level 5 of the Dungeon
  3708 | D:5      | Reached skill level 5 in Axes
  3757 | D:5      | Noticed Menkaure
  4086 | D:6      | Reached XP level 7. HP: 34/62 MP: 6/6
  4426 | D:5      | Killed Menkaure
  4427 | D:5      | Reached skill level 5 in Shields
  4428 | D:5      | Slain by an orc priest

Illustrated notes

Levels and vault maps discovered:
D:1:      dpeg_arrival_ternary, layout_loops_ring
D:2:      layout_basic, shapermc_ecumenical_altar_mp_highgroup
D:3:      layout_loops_cross, grunt_decor_one_mirror, minmay_misc_feat_x,
          kennysheep_jessica_study, uniq_natasha, uniq_crazy_yiuf_cottage
D:4:      layout_basic, serial_shops, shop
D:5:      layout_loops_cross, nicolae_gozag_seed_capital,
          minmay_misc_feat_tower, nicolae_concentric_dashed_squares_mild,
          uniq_menkaure, uniq_ijyb
D:6:      layout_loops_ring, lemuel_doored_altar, tso_oasis_becter,
          kennysheep_okawaru_gauntlet, lemuel_coloured_pillars_altar,
          minmay_temple_entry_poolview, minmay_increasing_density, uniq_maggie,
          uniq_pikel

Skill      XL: |  1  2  3  4  5  6  7 |
---------------+----------------------+-----
Fighting       | 4 5 6 |  6.2
Armour         | 4 5 6 |  6.2
Axes           | 3 4 5 |  5.5
Shields        | 4 5 |  5.0

Action                   |  1- 3 |  4- 6 |  7- 9 || total
-------------------------+-------+-------+-------++-------
Melee: War axe           |    96 |   136 |    12 ||   244
       Headbutt          |     9 |    19 |     4 ||    32
Throw: Dart              |       |     3 |       ||     3
       Boomerang         |       |     3 |       ||     3
Armor: Scale mail        |    28 |       |       ||    28
       Plate armour      |    34 |    89 |     1 ||   124
Dodge: Dodged            |    49 |    52 |     2 ||   103
Block: Buckler           |    22 |    28 |     1 ||    51
